 Dungeon Crawl Stone Soup version 0.27-a0-216-g1fbed8a51c (webtiles) character file.

Game seed: 12916845838554841391

8327 jasper the Nimble (level 11, -2/87 HPs)
             Began as a Spriggan Berserker on Jan 31, 2021.
             Was a High Priest of Trog.
             Slain by a troll (13 damage)
             ... on level 10 of the Dungeon.
             The game lasted 00:13:44 (12684 turns).

jasper the Nimble (Spriggan Berserker)             Turns: 12684, Time: 00:13:45

Health: -2/87      AC:  3    Str: 16    XL:     11   Next: 8%
Magic:  4/4        EV: 27    Int:  9    God:    Trog [*****.]
Gold:   384        SH:  0    Dex: 16    Spells: 10/10 levels left

rFire    . . .     SeeInvis +   J - +3 broad axe of Duty {antimagic, Will++}
rCold    . . .     Faith    .   (shield currently unavailable)
rNeg     . . .     Spirit   .   b - +0 animal skin
rPois    .         Reflect  .   (helmet restricted)
rElec    .         Harm     .   p - +0 cloak
rCorr    .         Rampage  .   (gloves unavailable)
Will     +++..                  (boots unavailable)
Stlth    ..........             (no amulet)
HPRegen  0.24/turn              (no ring)
MPRegen  0.09/turn              (no ring)

@: berserking (expiring), very quick
A: very small, unfitting armour, see invisible, speed 3
a: Renounce Religion, Berserk, Trog's Hand, Brothers in Arms


You were on level 10 of the Dungeon.
You worshipped Trog.
Trog was extremely pleased with you.
You visited 1 branch of the dungeon, and saw 10 of its levels.

You collected 549 gold pieces.
You spent 165 gold pieces at shops.

Inventory:

Hand Weapons
 a - a +0 hand axe
 u - a +1 war axe
 v - a +4 whip
 E - a +2 flail of holy wrath
 I - a +4 morningstar of freezing
 J - the +3 broad axe of Duty (weapon) {antimagic, Will++}
   (Trog gifted it to you on level 10 of the Dungeon)

   It reduces the magical energy of the wielder, and disrupts the spells and
   magical abilities of those hit.
   Natural abilities and divine invocations are not affected.
   It affects your willpower, your defense against some magical effects.
Missiles
 c - 162 stones
 f - 99 bolts
 s - 12 boomerangs (quivered)
Armour
 b - a +0 animal skin (worn)
 p - a +0 cloak (worn)
Jewellery
 B - an uncursed ring of fire
Wands
 j - a wand of random effects (15)
 t - a wand of polymorph (15)
 w - a wand of iceblast (9)
 y - a wand of mindburst (17)
 D - a wand of digging (11)
 G - a wand of paralysis (7)
Scrolls
 d - 8 scrolls of teleportation
 h - 5 scrolls of magic mapping
 m - 4 scrolls of enchant weapon
 x - 5 scrolls of remove curse
Potions
 g - 2 potions of lignification
 i - a potion of brilliance
 k - 4 potions of curing
 n - a potion of magic
 o - 4 potions of degeneration
 q - 3 potions of flight
 r - a potion of might
 z - a potion of heal wounds
 A - a potion of haste
 F - 2 potions of berserk rage
 H - a potion of attraction


   Skills:
 + Level 6.5 Fighting
 * Level 9.1 Axes
 + Level 5.3 Armour
 + Level 11.0 Dodging
 + Level 7.7 Evocations


You had 10 spell levels left.
You didn't know any spells.
Your spell library was empty.

Dungeon Overview and Level Annotations

Branches:
Dungeon (10/15)            Temple (0/1) D:5            Lair (0/6) D:9
    Orc: D:9-12

Altars:
Ashenzari
Dithmenos
Fedhas
Kikubaaqudgha
Okawaru
Ru
Xom
Yredelemnul
Zin

Shops:
D:4 !   D:7 :


Innate Abilities, Weirdness & Mutations

You are very small and have problems with some larger weapons.
You are too small for most types of armour.
You have supernaturally acute eyesight. (SInv)
You cover ground extremely quickly.


Message History

The troll closely misses you. The troll misses you.
The troll completely misses you.
You closely miss the troll.
The troll is moderately wounded.
The troll closely misses you. The troll completely misses you. x2
You hit the troll.
The troll is moderately wounded.
The troll completely misses you. The troll misses you.
The troll closely misses you.
You slash the troll!
The troll is severely wounded.
You barely miss the troll.
The troll is severely wounded.
The troll misses you. The troll completely misses you. The troll claws you!
* * * LOW HITPOINT WARNING * * *
You take 10 damage, and have 11/87 hp.
You slash the troll!
The troll is almost dead.
The troll misses you. The troll closely misses you. The troll claws you!
You die...

.............#####.....#
.............# ......
.............# ......
.............# ......
......###....#####......
.....#####..............
....†#####...(..........
.....#####.......T.....>
#.....###.......@....###
##..................####
##.................####
####................####
.....)...............###
...)....................
......#.................
....................)...
....†..##...............


You could see a troll.

Vanquished Creatures
  A two-headed ogre (D:9)
  An unseen horror (D:9)
  4 molten gargoyles (D:9)
  A centaur skeleton (D:10)
  Psyche (D:10)
  Eustachio (D:6)
  A basilisk (D:8)
  An ice beast (D:7)
  4 sky beasts
  A black bear (D:9)
  An eye of draining (D:9)
  2 phantoms
  8 necrophages (D:7)
  2 centaurs
  3 ogres
  10 bullfrogs
  2 gnoll sergeants (D:10)
  A scorpion (D:7)
  11 wights
  3 howler monkeys
  4 crimson imps (D:4)
  2 bullfrog zombies (D:7)
  2 centaur zombies
  7 orc priests
  A gnoll shaman (D:10)
  7 hounds
  2 jellies
  4 iguanas
  3 orc wizards (D:6)
  9 worker ants
  A hound zombie (D:7)
  A hound skeleton (D:5)
  A howler monkey zombie (D:8)
  2 worker ant zombies
  19 gnolls
  13 adders
  2 shadow imps
  4 white imps
  2 ufetubi
  3 adder zombies
  3 adder skeletons (D:4)
  2 worms
  6 dart slugs
  5 leopard geckos
  33 orcs
  3 ball pythons
  9 bats
  6 giant cockroaches
  5 goblins
  10 hobgoblins
  9 jackals
  10 kobolds
  6 quokkas
  A ball python skeleton (D:4)
  8 frilled lizards
  2 leopard gecko skeletons
  2 quokka skeletons
  7 rats
  A spectral orc (D:6)
276 creatures vanquished.

Vanquished Creatures (collateral kills)
  A troll (D:9)
  A bullfrog (D:9)
  A jelly (D:9)
3 creatures vanquished.

Vanquished Creatures (others)
  A human (D:7)
  28 plants
  2 withered plants (D:7)
31 creatures vanquished.

Grand Total: 310 creatures vanquished

Notes
Turn   | Place    | Note
-------+----------+-------------------------------------------
     0 | D:1      | jasper the Spriggan Berserker began the quest for the Orb.
     0 | D:1      | Reached XP level 1. HP: 11/11 MP: 2/2
   345 | D:1      | Reached XP level 2. HP: 13/16 MP: 3/3
  1015 | D:1      | Reached XP level 3. HP: 19/19 MP: 4/4
  1234 | D:1      | Reached ** piety under Trog
  1478 | D:2      | Reached skill level 5 in Dodging
  1637 | D:2      | Found a glowing silver altar of Zin.
  1661 | D:2      | Reached skill level 1 in Armour
  1661 | D:2      | Reached XP level 4. HP: 23/23 MP: 5/5
  1807 | D:2      | Found a shadowy altar of Dithmenos.
  2718 | D:3      | Reached *** piety under Trog
  2720 | D:3      | Reached XP level 5. HP: 28/28 MP: 6/6
  3498 | D:3      | Reached XP level 6. HP: 32/32 MP: 7/7
  3801 | D:4      | Reached skill level 6 in Dodging
  4135 | D:4      | Reached **** piety under Trog
  4704 | D:4      | Found an iron altar of Okawaru.
  4943 | D:4      | Found a shimmering altar of Xom.
  4958 | D:4      | Reached XP level 7. HP: 36/36 MP: 8/8
  5076 | D:4      | Found Voysm's Distillery.
  5084 | D:4      | Bought a potion of heal wounds for 55 gold pieces
  5084 | D:4      | Bought a potion of haste for 110 gold pieces
  5453 | D:5      | Entered Level 5 of the Dungeon
  5539 | D:5      | Reached skill level 5 in Axes
  5614 | D:5      | Reached skill level 7 in Dodging
  5755 | D:5      | Found a staircase to the Ecumenical Temple.
  6348 | D:5      | Reached XP level 8. HP: 18/42 MP: 9/9
  6553 | D:5      | Reached skill level 1 in Evocations
  7267 | D:6      | Noticed Eustachio
  7273 | D:6      | Killed Eustachio
  7398 | D:6      | Reached skill level 8 in Dodging
  7515 | D:6      | Found a blossoming altar of Fedhas.
  7691 | D:6      | Found a basalt altar of Yredelemnul.
  7754 | D:7      | Reached ***** piety under Trog
  7762 | D:7      | Reached XP level 9. HP: 33/46 MP: 10/10
  8105 | D:7      | Reached skill level 5 in Fighting
  8142 | D:7      | Found Ipiuc Jutt's Book Shoppe.
  8332 | D:7      | Reached skill level 9 in Dodging
  8557 | D:7      | Found an ancient bone altar of Kikubaaqudgha.
  8815 | D:7      | Found a sacrificial altar of Ru.
  8860 | D:7      | Reached skill level 5 in Evocations
 10303 | D:8      | Reached XP level 10. HP: 43/52 MP: 11/11
 10466 | D:8      | Found a broken altar of Ashenzari.
 10702 | D:9      | Noticed a two-headed ogre
 10707 | D:9      | Killed a two-headed ogre
 10708 | D:9      | Reached skill level 10 in Dodging
 10895 | D:9      | Noticed a molten gargoyle
 10899 | D:9      | Noticed a molten gargoyle
 10903 | D:9      | Killed a molten gargoyle
 10910 | D:9      | Killed a molten gargoyle
 11011 | D:9      | Noticed an unseen horror
 11026 | D:9      | Killed an unseen horror
 11027 | D:9      | Reached skill level 5 in Armour
 11079 | D:9      | Noticed a molten gargoyle
 11100 | D:9      | Killed a molten gargoyle
 11146 | D:9      | Noticed a molten gargoyle
 11170 | D:9      | Killed a molten gargoyle
 11389 | D:9      | Found a staircase to the Lair.
 11798 | D:10     | Entered Level 10 of the Dungeon
 11890 | D:10     | Received a gift from Trog
 11901 | D:10     | Got a steaming broad axe {god gift}
 11954 | D:9      | Identified the +3 broad axe of Duty {antimagic, Will++}
                  | (Trog gifted it to you on level 10 of the Dungeon)
 12077 | D:10     | Reached XP level 11. HP: 43/58 MP: 4/12
 12078 | D:10     | Reached skill level 11 in Dodging
 12389 | D:10     | Noticed Psyche
 12415 | D:10     | Killed Psyche
 12684 | D:10     | Slain by a troll

Illustrated notes

Levels and vault maps discovered:
D:1:      eino_arrival_cavern_b, layout_basic,
          amcnicky_mini_rare_corridor_liquid, minmay_strange_pillars
D:2:      layout_loops_ring, zin_academy, grunt_dithmenos_smoke
D:3:      layout_rooms
D:4:      wad_woods_stonehenge, layout_basic, led_xom_imps, serial_shops, shop,
          minmay_misc_feat_tower, glass_columns_a
D:5:      layout_basic, minmay_temple_entry_water_ring
D:6:      layout_rooms, yredelemnul_forgotten_temple_becter,
          fedhas_altar_decomposition, moated_statue, uniq_eustachio
D:7:      layout_cave_pods, nicolae_ru_sacrificial_ziggurat, serial_shops, shop,
          serial_undead, serial_undead_a, serial_undead_b, serial_undead_c,
          serial_undead_e, serial_undead_a, serial_undead_e, serial_undead_c,
          minmay_statues_item, grunt_decor_one_mirror, chequers_jeans,
          tgw_kikubaaqudgha
D:8:      layout_loops_ring, kennysheep_mini
D:9:      layout_roguey, lair_entry_dummy, minivault_8
D:10:     layout_big_octagon, serial_gnoll_camp, gnoll_camp_mini_loothouse,
          gnoll_camp_huts_basic, gnoll_camp_medium_02, gnoll_camp_mini_hut,
          gnoll_camp_mini_shop, uniq_psyche, uniq_maurice

Skill      XL: |  1  2  3  4  5  6  7  8  9 10 11 |
---------------+----------------------------------+-----
Axes           | 3 4 5 6 7 9 |  9.1
Dodging        | 5 6 7 8 9 10 11 | 11.0
Armour         | 1 2 3 4 5 |  5.3
Fighting       | 3 4 5 6 |  6.5
Evocations     | 3 5 7 |  7.7

Action                   |  1- 3 |  4- 6 |  7- 9 | 10-12 || total
-------------------------+-------+-------+-------+-------++-------
Melee: Hand axe          |    93 |   161 |       |       ||   254
       War axe           |       |    83 |   382 |   130 ||   595
       Broad axe         |       |       |       |    64 ||    64
Throw: Stone             |     1 |     6 |       |       ||     7
       Boomerang         |       |    25 |    31 |    10 ||    66
Invok: Berserk           |     4 |     9 |    17 |    11 ||    41
       Trog's Hand       |       |       |       |     1 ||     1
       Brothers in Arms  |       |       |       |     1 ||     1
Evoke: Wand              |       |       |    13 |     5 ||    18
  Use: Scroll            |       |     9 |       |     6 ||    15
 Stab: Sleeping          |     1 |     3 |     1 |       ||     5
       Paralysed         |       |       |       |     2 ||     2
Armor: Animal skin       |     9 |    23 |    22 |     3 ||    57
Dodge: Dodged            |    91 |   267 |   328 |   248 ||   934
Block: Buckler           |       |       |    70 |    41 ||   111

Table legend: (Time is in decaauts)
 A = Elapsed time spent in this place.
 B = Non-inter-level travel time spent in this place.
 C = Inter-level travel time spent in this place.
 D = Time resting spent in this place.
 E = Time spent auto-exploring this place.
 F = Levels seen in this place.
 G = Mean time per level.
                   A        B        C        D        E       F      G
               +--------+--------+--------+--------+--------+-----+--------+
         Total |  11098 |  10944 |    154 |   4226 |   4839 |  10 | 1109.8 |
       Dungeon |  11098 |  10944 |    154 |   4226 |   4839 |  10 | 1109.8 |
               +--------+--------+--------+--------+--------+-----+--------+

Top non-repeatable levels by time:
     D:7: 1582 daAuts
     D:5: 1410 daAuts
     D:4: 1361 daAuts
     D:9: 1354 daAuts
     D:1: 1176 daAuts
     D:3: 1129 daAuts
     D:8: 1004 daAuts
     D:2: 981 daAuts
     D:6: 601 daAuts
    D:10: 495 daAuts
